 Dungeon Crawl Stone Soup version 0.19.0-20-gbc5f0c6 (webtiles) character file.

136 Jannitor the Skirmisher (level 4, 0/37 HPs)
             Began as a Demonspawn Monk on Nov 16, 2016.
             Slain by a slave (3 damage)
             ... led by Pikel
             ... on level 3 of the Dungeon.
             The game lasted 00:03:57 (2833 turns).

Jannitor the Skirmisher (Demonspawn Monk)           Turns: 2833, Time: 00:03:58

Health: 0/37       AC:  5    Str: 10 (12) XL:     4   Next: 98%
Magic:  0/4        EV: 13    Int: 10 (11) God:
Gold:   176        SH:  0    Dex: 13 (16) Spells: 0 memorised, 3 levels left

rFire  . . .     SeeInvis .       - Unarmed
rCold  . . .     Gourm    .     a - +0 robe
rNeg   . . .     Faith    .     (no shield)
rPois  .         Spirit   +     (no helmet)
rElec  .         Reflect  .     (no cloak)
rCorr  .         Harm     .     (no gloves)
MR     .....                    (no boots)
Stlth  ++........               (no amulet)
                                (no ring)
                                (no ring)

@: exhausted, slowed, very slow
A: slimy green scales 2, magic shield
a: no special abilities


You were on level 3 of the Dungeon.
You were not hungry.

You visited 1 branch of the dungeon, and saw 4 of its levels.

You collected 176 gold pieces.

Inventory:

Armour
 a - a +0 robe (worn)
Jewellery
 q - an uncursed ring of stealth {unknown}
Wands
 m - a wand of iceblast (9/15)
 o - a wand of lightning (4/15)
Scrolls
 d - 7 scrolls of identify {unknown}
 e - a scroll of fog {unknown}
 g - a scroll of blinking {unknown}
 h - 2 scrolls of remove curse {unknown}
 k - a scroll of teleportation {unknown}
Potions
 c - a potion of curing
 i - a potion of agility {unknown}
Comestibles
 b - 2 bread rations
 f - a beef jerky
 p - 2 chunks of flesh


   Skills:
 + Level 4.0 Fighting
 + Level 3.6 Dodging
 - Level 1.7 Stealth
 + Level 3.7 Unarmed Combat


You had 3 spell levels left.
You didn't know any spells.

Dungeon Overview and Level Annotations

Branches:
Dungeon (4/15)
 Temple: D:4-7

Altars:
Trog

Annotations:
D:4 Dowan, Duvessa, Pikel, Sigmund


Innate Abilities, Weirdness & Mutations

You are mostly covered in slimy green scales. (AC +3)
When hurt, damage is shared between your health and your magic reserves.


Message History

The slave hits you but does no damage.
You hit the slave but do no damage.
The slave is heavily wounded.
The slave hits you but does no damage. The slave hits you.
* * * LOW HITPOINT WARNING * * *
You smack the slave!
The slave is severely wounded.
The slave hits you but does no damage.
You barely miss the slave.
The slave is severely wounded.
You feel less woody.
Your +0 robe unmelds from your body.
The slave hits you.
* * * LOW HITPOINT WARNING * * *
The slave hits you but does no damage.
You barely miss the slave.
The slave is severely wounded.
The slave hits you!
* * * LOW HITPOINT WARNING * * *
The slave hits you.
You die...

#.# #.##.#.#####.# #.#
#.........##.# ######.#
#.##.#....##.# #####......#
#.##.##...##.# #..##..##..#
#.##.##..###.#
........##(#####.##.##....#<#
.................##.##..#.#.#
.........#.#####.##.##.##.#.#
.....>.(#..#
#@##.......#.#####
........####
#>p............... .........#
#######.##.####### .........#
#.##.# ........## ##.##.#
#..##..## #########...#.# ###
....###.#####...........#.#
#(. ###.#
#.......#######...#.## #.#
#.#
############.........####.#


You could see a slave.

Vanquished Creatures
  2 slaves (D:3)
  A hound (D:3)
  2 adders (D:2)
  3 oozes
  3 worms
  2 dart slugs
  6 bats
  4 giant cockroaches
  13 goblins
  6 hobgoblins
  6 jackals (D:2)
  A quokka (D:2)
  A frilled lizard (D:2)
  7 kobolds
  6 rats
63 creatures vanquished.

Notes
Turn   | Place    | Note
-------+----------+-------------------------------------------
     0 | D:1      | Jannitor the Demonspawn Monk began the quest for the Orb.
     0 | D:1      | Reached XP level 1. HP: 18/18 MP: 1/1
     3 | D:1      | Noticed an electric eel
     3 | D:1      | Noticed an electric eel
   201 | D:1      | Gained mutation: When hurt, damage is shared between your health and your magic reserves. [demonic ancestry]
   201 | D:1      | Reached XP level 2. HP: 24/24 MP: 2/2
   711 | D:1      | Gained mutation: You are partially covered in slimy green scales. (AC +2) [demonic ancestry]
   711 | D:1      | Reached XP level 3. HP: 27/29 MP: 3/3
  1901 | D:2      | Gained mutation: You are mostly covered in slimy green scales. (AC +3) [demonic ancestry]
  1901 | D:2      | Reached XP level 4. HP: 29/37 MP: 2/4
  2142 | D:3      | Found a bloodstained altar of Trog.
  2734 | D:4      | Noticed Sigmund
  2734 | D:4      | Noticed an ogre
  2751 | D:3      | Reached skill level 4 in Fighting
  2799 | D:4      | Noticed Duvessa
  2799 | D:4      | Noticed Dowan
  2799 | D:4      | Noticed Pikel
  2799 | D:4      | Noticed a slave
  2799 | D:4      | Noticed a slave
  2799 | D:4      | Noticed a slave
  2799 | D:4      | Noticed a slave
  2816 | D:3      | Killed a slave
  2819 | D:3      | Killed a slave
  2833 | D:3      | Slain by a slave

Skill      XL: |  1  2  3  4 |
---------------+-------------+-----
Unarmed Combat | 3 |  3.7
Dodging        | 3 |  3.6
Fighting       | 4 |  4.0
Stealth        | |  1.7

Action                   |  1- 3 |  4- 6 || total
-------------------------+-------+-------++-------
Melee: Unarmed           |   189 |    96 ||   285
       Punch             |       |     2 ||     2
  Use: Potion            |       |     4 ||     4
 Stab: Sleeping          |     5 |     2 ||     7
  Eat: Chunk             |     3 |     3 ||     6
Armor: Robe              |    44 |    14 ||    58
       Skin              |       |    25 ||    25
Dodge: Dodged            |   137 |    53 ||   190
